 Dungeon Crawl Stone Soup version 0.30-a0-368-g86fb4627a9 (webtiles) character file.

Game seed: 8243651595684972172

79 sanka the Shooter (level 4, -1/24 HPs)
             Began as a Deep Elf Hexslinger on Nov 18, 2022.
             Slain by a gnoll
             ... wielding a +0 flail
              (10 damage)
             ... on level 3 of the Dungeon.
             The game lasted 00:02:19 (1796 turns).

sanka the Shooter (Deep Elf Hexslinger)             Turns: 1796, Time: 00:02:20

Health: -1/24      AC:  4    Str:  7    XL:     4   Next: 17%
Magic:  8/8        EV: 13    Int: 18    God:
Gold:   51         SH:  0    Dex: 17    Spells: 5/6 levels left

rFire   . . .      SeeInvis .    a - +1 sling
rCold   . . .      Faith    .    (no shield)
rNeg    . . .      Spirit   .    c - +0 robe
rPois   .          Reflect  .    (no helmet)
rElec   .          Harm     .    (no cloak)
rCorr   .          Rampage  .    e - +0 pair of gloves
Will    .....                    h - +0 pair of boots
Stlth   ++........               (no amulet)
HPRegen 0.24/turn                (no ring)
MPRegen 0.11/turn                (no ring)

@: no status effects
A: no striking features
a: no special abilities


You were on level 3 of the Dungeon.
You visited 1 branch of the dungeon, and saw 3 of its levels.

You collected 51 gold pieces.


   Skills:
 - Level 0.7 Fighting
 + Level 6.0 Ranged Weapons
 - Level 2.4 Dodging
 - Level 1.5 Spellcasting
 - Level 4.0 Hexes


You had 5 spell levels left.
You knew the following spells:

 Your Spells              Type           Power      Damage    Failure   Level
z - Slow                  Hex            60%        N/A       3%          1

Your spell library contained the following spells:

 Spells                   Type           Power      Damage    Failure   Level
 Inner Flame              Hex/Fire       8%         N/A       26%         3
 Portal Projectile        Hex/Tloc       16%        N/A       26%         3
 Cause Fear               Hex            7%         N/A       36%         4
 Summon Forest            Summ/Tloc      0%         N/A       99%         5
 Eringya's Noxious Bog    Tmut/Pois      0%         N/A       100%        6
 Summon Hydra             Summ           0%         N/A       100%        7

Inventory:

Hand Weapons
 a - a +1 sling (weapon)
Armour
 c - a +0 robe (worn)
 e - a +0 pair of gloves (worn)
 h - a +0 pair of boots (worn)
Scrolls
 b - a scroll of poison {!r}
 g - a scroll of fog {unknown}
 j - a scroll of enchant weapon {unknown}
 l - a scroll of identify {unknown}
Potions
 d - 2 potions of flight {unknown}
 f - 2 potions of degeneration {unknown}
 i - a potion of heal wounds {unknown}
 k - a potion of attraction {unknown}

Dungeon Overview and Level Annotations

Branches:
Dungeon (3/15)

Altars:

....▒...▒.▒▒'▒▒▒▒▒▒
▒.▒.▒...........▒
▒..........▒▒▒▒.▒
.......▒▒..▒ ▒
▒▒...▒▒..▒
▒.......▒
.(...▒..▒▒..▒ ....
▒......▒ . ▒e▒▒▒▒▒▒
▒g▒▒▒▒
▒▒▒▒▒gg..▒▒▒▒
▒.....g......
▒....).......
▒............
▒....†.......
▒............
▒............


You could see 4 gnolls.


Message History

You shoot a sling bullet.
The sling bullet barely misses the gnoll.
The gnoll hits you but does no damage.
You shoot a sling bullet. The sling bullet hits the gnoll.
The gnoll is lightly wounded.
The gnoll barely misses you. The gnoll barely misses you.
The gnoll closely misses you.
Unknown command.
The gnoll attacks as you move away! The gnoll barely misses you.
The gnoll attacks as you move away! The gnoll misses you.
Found 19 gold pieces.
The gnoll attacks as you move away! The gnoll closely misses you.
You see here a dart slug corpse.
The gnoll attacks as you move away! The gnoll hits you with a +0 flail.
You see here a +0 short sword.
The gnoll attacks as you move away! The gnoll hits you with a +0 flail.
* * * LOW HITPOINT WARNING * * *
You shoot a sling bullet. The sling bullet hits the gnoll.
The gnoll is heavily wounded.
The gnoll misses you. The gnoll hits you with a +0 flail!
You die...

Action                   |  1- 3 |  4- 6 || total
-------------------------+-------+-------++-------
 Fire: Sling             |   113 |    19 ||   132
Armor: Robe              |    10 |     1 ||    11
Dodge: Dodged            |    31 |    10 ||    41

Levels and vault maps discovered:
D:1:      reono_arrival_forest_river, layout_loops_cross, nicolae_eternal_life
D:2:      layout_basic
D:3:      layout_basic

Notes
Turn   | Place    | Note
-------+----------+-------------------------------------------
     0 | D:1      | sanka the Deep Elf Hexslinger began the quest for the Orb.
     0 | D:1      | Reached XP level 1. HP: 11/11 MP: 5/5
   111 | D:1      | Reached skill level 3 in Ranged Weapons
   336 | D:1      | Reached XP level 2. HP: 16/16 MP: 6/6
   450 | D:1      | Reached skill level 4 in Ranged Weapons
   990 | D:2      | Reached XP level 3. HP: 20/20 MP: 7/7
  1033 | D:2      | Reached skill level 5 in Ranged Weapons
  1549 | D:3      | HP: 2/20 [poisoned by an adder]
  1662 | D:3      | Reached XP level 4. HP: 15/24 MP: 8/8
  1756 | D:3      | Reached skill level 6 in Ranged Weapons
  1796 | D:3      | Slain by a gnoll

Vanquished Creatures
  2 adders (D:3)
  A gnoll (D:3)
  A worm (D:2)
  2 dart slugs
  3 ball pythons
  6 endoplasms
  3 giant cockroaches
  4 goblins
  3 hobgoblins
  3 jackals (D:2)
  3 bats
  4 frilled lizards
  5 kobolds
  6 rats
46 creatures vanquished.
